AoeStats
← Tronix661

Arena

509000330Analyzed
2v2 RM · 9d ago on Sep 25, 2026· 43m 25s· 4 players
Game mode
Random Map
Map size
Medium (4 player)
Population
200
Speed
Normal
Resources
Standard
Victory
Conquest
Starting age
Dark Age
Ending age
Imperial Age
RankedLock teamsTeams togetherTeam positionsShared explorationLock speedFull tech treeHidden civsTurbo modeCheats
Victory
Defeat
🇺🇸 Burgundians · United States
870
+18
🇺🇸 Bohemians · United States
854
+19
🇨🇱 Byzantines · Chile
932
-19
🇨🇱 Aztecs · Chile
908
-18
Cleanmeanmachin
2:25 Loom
10:54 Feudal Age
11:22 Double-Bit Axe
18:40 Castle Age
16:35 Horse Collar
24:05 Fletching
29:57 Imperial Age
28:49 Wheelbarrow
28:21 Bodkin Arrow
30:39 Chemistry
37:22 Cavalier
38:10 Scale Barding Armor
38:16 Forging
41:07 Bow Saw
41:55 Bracer
43:27 Iron Casting
CedarWaxwing488
11:18 Feudal Age
11:36 Double-Bit Axe
15:49 Castle Age
14:14 Horse Collar
15:18 Bow Saw
19:14 Scale Barding Armor
19:22 Husbandry
21:39 Town Watch
22:33 Wheelbarrow
23:25 Chain Barding Armor
25:21 Heavy Plow
28:28 Imperial Age
27:00 Ballistics
26:44 Fletching
28:36 Two-Man Saw
27:50 Loom
28:26 Bodkin Arrow
28:26 Cavalier
28:34 Light Cavalry
30:36 Chemistry
29:45 Bracer
30:01 Town Patrol
34:13 Hand Cart
34:33 Hussar
37:21 Hoardings
40:51 Pikeman
41:32 Squires
41:54 Burgundian Vineyards
41:49 Arson
41:52 Halberdier
Charlitos22
10:25 Feudal Age
19:00 Castle Age
17:20 Loom
17:23 Town Watch
18:09 Stone Mining
19:08 Gold Mining
19:06 Double-Bit Axe
21:02 Stone Shaft Mining
21:15 Fervor
26:05 Pikeman
29:20 Horse Collar
29:50 Fletching
32:29 Squires
40:14 Imperial Age
Tronix661
10:12 Feudal Age
14:09 Castle Age
12:17 Double-Bit Axe
16:22 Horse Collar
19:38 Heavy Plow
26:17 Imperial Age
24:15 Pikeman
25:17 Bow Saw
25:35 Scale Barding Armor
25:49 Gold Mining
27:29 Conscription
28:21 Wheelbarrow
27:34 Loom
28:46 Forging
28:29 Stone Mining
29:43 Chain Barding Armor
30:27 Gold Shaft Mining
29:58 Heavy Camel Rider
32:40 Plate Barding Armor
33:09 Crop Rotation
33:43 Two-Man Saw
34:02 Iron Casting
35:02 Elite Skirmisher
35:17 Light Cavalry
36:23 Hussar
37:51 Husbandry
40:02 Padded Archer Armor
41:32 Fletching
41:58 Leather Archer Armor
42:06 Ballistics
42:47 Chemistry
Connection lost

Rejoining the realm…

Still unreachable

The connection could not be restored.

Session expired

The server has moved on; the page needs a fresh start.